 Dungeon Crawl Stone Soup version 0.22-a0-799-g88f5e90 (webtiles) character file.

1218 Kuinu the Firebug (level 8, -10/57 HPs)
             Began as a Black Draconian Fire Elementalist on July 21, 2018.
             Was a Follower of Sif Muna.
             Shot with an arrow by a centaur (14 damage)
             ... on level 6 of the Dungeon.
             The game lasted 00:29:54 (10276 turns).

Kuinu the Firebug (DrFE)                           Turns: 10276, Time: 00:29:55

Health: -10/57     AC:  7    Str:  9    XL:     8   Next: 22%
Magic:  13/17      EV: 13    Int: 17    God:    Sif Muna [*.....]
Gold:   248        SH:  0    Dex: 12    Spells: 2/17 levels left

rFire    . . .     SeeInvis .   e - +0 dagger (flame)
rCold    . . .     Gourm    .   (no shield)
rNeg     . . .     Faith    .   (armour unavailable)
rPois    .         Spirit   .   (helmet restricted)
rElec    +         Reflect  .   (no cloak)
rCorr    .         Harm     .   g - +0 pair of gloves
MR       .....                  (no boots)
Stlth    ++........             (no amulet)
HPRegen  0.19/turn              q - +5 ring of slaying
MPRegen  0.15/turn              h - ring of flight

@: very slightly contaminated
A: breathe lightning, unfitting armour, high mp 1, electricity resistance, weak
1, cold-blooded, AC +6
a: Breathe Lightning, Divine Energy, Renounce Religion, Evoke Flight


You were on level 6 of the Dungeon.
You worshipped Sif Muna.
Sif Muna was aware of your devotion.
You were not hungry.

You visited 2 branches of the dungeon, and saw 8 of its levels.

You collected 248 gold pieces.

Inventory:

Hand Weapons
 e - a +0 dagger of flaming (weapon)
 l - a +0 quarterstaff
Armour
 g - a +0 pair of gloves (worn)
 t - a +0 pair of gloves
Jewellery
 h - a ring of flight (right hand)
 q - a +5 ring of slaying (left hand)
Scrolls
 a - 2 scrolls of enchant armour
 f - 3 scrolls of teleportation
 i - 2 scrolls of identify
 j - a scroll of immolation {unknown}
 k - 2 scrolls of random uselessness
 m - a scroll of remove curse
Potions
 c - a potion of agility
 r - a potion of brilliance {unknown}
 s - 2 potions of curing {unknown}
Comestibles
 b - 3 rations


   Skills:
 + Level 3.6 Dodging
 + Level 3.9 Stealth
 * Level 5.2 Spellcasting
 + Level 3.6 Conjurations
 * Level 6.1 Fire Magic


You had 2 spell levels left.
You knew the following spells:

 Your Spells              Type           Power        Failure   Level  Hunger
a - Flame Tongue          Conj/Fire      ###..        1%          1    None
b - Throw Flame           Conj/Fire      ###...       2%          2    #......
c - Conjure Flame         Conj/Fire      ###.....     5%          3    ###....
d - Fireball              Conj/Fire      ###.......   45%         5    ######.
e - Sticky Flame          Conj/Fire      ###.....     19%         4    ####...

Your spell library contained the following spells:

 Spells                   Type           Power        Failure   Level  Hunger
 Inner Flame              Hex/Fire       ##......     12%         3    ###....


Dungeon Overview and Level Annotations

Branches:
Dungeon (7/15)             Temple (1/1) D:4

Altars:
Ashenzari
Cheibriados
Dithmenos
Elyvilon
Fedhas
Gozag
Hepliaklqana
Kikubaaqudgha
Makhleb
Nemelex Xobeh
Okawaru
Qazlal
Ru
Sif Muna
Trog
Uskayaw
Wu Jian
Xom
Yredelemnul
Zin
The Shining One

Shops:
D:6 !

Annotations:
D:3 Sigmund


Innate Abilities, Weirdness & Mutations

You can breathe wild blasts of lightning.
Your glossy black scales are hard. (AC +6)
You cannot fit into any form of body armour.
You are resistant to electric shocks. (rElec)
You are cold-blooded and may be slowed by cold attacks.
You have an increased reservoir of magic. (+10% MP)
You are weak. (Str -2)


Message History

* * * LOW HITPOINT WARNING * * *
The centaur shoots an arrow.
The arrow barely misses you.
Casting: Throw Flame (safe; 2% risk of failure)
Confirm with . or Enter, or press ? or * to list all spells.
Aiming: Conjure Flame (safe; 5% risk of failure)
Press: ? - help, Dir - move target cursor The fire ignites!
The centaur shoots an arrow.
The arrow hits you!
* * * LOW HITPOINT WARNING * * *
The centaur shoots an arrow.
The arrow closely misses you.
The centaur shoots an arrow.
The arrow closely misses you.
Okay, then.
Okay, then.
Blink to where?
Press: ? - help, Dir - move target cursor You are very lightly contaminated with residual magic.
As you read the scroll of blinking, it crumbles to dust.
The centaur shoots an arrow.
The arrow hits you.
* * * LOW HITPOINT WARNING * * *
The centaur shoots an arrow.
The arrow hits you!
You die...

##.#(######.###.#.###
####.#......#.....#.#
#.....ch..ยง(####..#.#
#...........#<.#..#.#
#...........#..#..#.#
#.....(.....#.##..#.##
#....................#
#.............###....#
#.....@....#### #....#
#..........######....#
#######..(...........#
#....#######...#
####....# #...##
#.......# #.....
######.##....# ##....
#.......#....#
#####....
#.......#....#
#....#...


You could see a centaur and a jackal.

Vanquished Creatures
  A soldier ant (D:5)
  A sky beast (D:5)
  2 centaurs
  2 bullfrogs (D:6)
  A scorpion (D:5)
  2 killer bees (D:5)
  4 crimson imps
  A hound (D:4)
  6 worker ants (D:5)
  Terence (D:3)
  An iguana (D:4)
  A hound skeleton (D:5)
  4 gnolls
  8 adders
  A shadow imp (D:5)
  An ooze (D:2)
  An adder zombie (D:5)
  A worm (D:5)
  A dart slug (D:1)
  4 leopard geckos
  8 orcs
  10 giant cockroaches
  6 goblins
  7 hobgoblins
  4 jackals
  3 quokkas
  6 ball pythons
  5 bats
  3 frilled lizards
  7 kobolds
  A quokka skeleton (D:5)
  6 rats
110 creatures vanquished.

Notes
Turn   | Place    | Note
-------+----------+-------------------------------------------
     0 | D:1      | Kuinu the Draconian Fire Elementalist began the quest for the Orb.
     0 | D:1      | Reached XP level 1. HP: 14/14 MP: 3/3
   453 | D:1      | Reached XP level 2. HP: 20/20 MP: 1/5
   587 | D:1      | Learned a level 2 spell: Throw Flame
  1361 | D:2      | Found a glowing golden altar of the Shining One.
  1443 | D:2      | Found an iron altar of Okawaru.
  1464 | D:2      | Reached XP level 3. HP: 26/26 MP: 0/6
  1650 | D:2      | Found a shadowy altar of Dithmenos.
  2703 | D:2      | Found a sparkling altar of Nemelex Xobeh.
  3135 | D:3      | Noticed Terence
  3356 | D:2      | Learned a level 3 spell: Conjure Flame
  3493 | D:3      | Noticed Sigmund
  3747 | D:3      | Reached XP level 4. HP: 32/33 MP: 3/8
  4424 | D:3      | Killed Terence
  4424 | D:3      | Reached skill level 4 in Fire Magic
  4583 | D:4      | Found a stormy altar of Qazlal.
  4599 | D:4      | Reached XP level 5. HP: 24/38 MP: 0/9
  4721 | D:4      | Found a burning altar of Makhleb.
  4775 | D:4      | Found a staircase to the Ecumenical Temple.
  4781 | Temple   | Entered the Ecumenical Temple
  4980 | Temple   | Became a worshipper of Sif Muna the Loreminder
  5828 | D:4      | Found an ornate altar of the Wu Jian Council.
  5945 | D:4      | Found a glowing silver altar of Zin.
  5955 | D:4      | Found a blossoming altar of Fedhas.
  6068 | D:5      | Entered Level 5 of the Dungeon
  6339 | D:5      | Noticed a sky beast
  6356 | D:5      | Killed a sky beast
  6356 | D:5      | Reached XP level 6. HP: 45/45 MP: 4/11
  6572 | D:5      | Found a runed door.
  6594 | D:5      | Found a runed door.
  7595 | D:5      | Reached * piety under Sif Muna
  7595 | D:5      | Reached skill level 5 in Fire Magic
  7645 | D:5      | Your scales start taking on a glossy black colour.
  7645 | D:5      | Reached XP level 7. HP: 47/50 MP: 13/13
  7645 | D:5      | Gained mutation: You are resistant to electric shocks. (rElec) [Black Draconian growth]
  8080 | D:5      | Gained mutation: You are weak. (Str -2) [potion of mutation]
  8080 | D:5      | Gained mutation: You have an increased reservoir of magic. (+10% MP) [potion of mutation]
  9047 | D:6      | Reached skill level 5 in Spellcasting
  9047 | D:6      | Reached XP level 8. HP: 36/57 MP: 3/17
  9148 | D:6      | Reached skill level 6 in Fire Magic
  9405 | D:6      | Found Qipod's Distillery.
 10217 | D:6      | Learned a level 5 spell: Fireball
 10222 | D:6      | Learned a level 4 spell: Sticky Flame
 10276 | D:6      | Shot with an arrow by a centaur

Vault maps used:
D:1:      lightli_arrival_boilingwater, serial_forest,
          infiniplex_forest_lined_room_2, infiniplex_forest_lined_2,
          infiniplex_forest_zigzag_1, infiniplex_forest_straight_2,
          infiniplex_forest_clump_double, infiniplex_forest_lined_room_,
          infiniplex_forest_diagonal, st_stairs_1
D:2:      nemelex_xobeh_ov_fountains_minmay, marbit_many_paths,
          nicolae_overflow_hidden_temple, first_ration, kennysheep_doodads,
          nicolae_tso_carved_into_rock
D:3:      uniq_sigmund, uniq_robin, uniq_terence
D:4:      nicolae_overflow_quartered_altars, kennysheep_mini_moat,
          minmay_temple_entry_hall, serial_glass, glass_columns_a,
          glass_columns_b
D:5:      lemuel_insect_pit
D:6:      serial_shops, nicolae_shop_trees, minmay_tree_intersection
Temple:   nicolae_temple_figure_eight

Skill      XL: |  1  2  3  4  5  6  7  8 |
---------------+-------------------------+-----
Dodging        | 2 3 |  3.6
Stealth        | 2 3 |  3.9
Spellcasting   | 3 4 5 |  5.2
Fire Magic     | 4 5 6 |  6.1
Conjurations   | 2 3 |  3.6

Action                   |  1- 3 |  4- 6 |  7- 9 || total
-------------------------+-------+-------+-------++-------
Melee: Unarmed           |     9 |       |       ||     9
       Tailslap          |     7 |     7 |     4 ||    18
       Dagger            |    51 |    46 |    28 ||   125
       Quarterstaff      |       |    30 |    14 ||    44
 Cast: Flame Tongue      |    38 |    59 |    39 ||   136
       Throw Flame       |    21 |    43 |    33 ||    97
       Conjure Flame     |       |     1 |     2 ||     3
  Use: Scroll            |     4 |     3 |     5 ||    12
       Potion            |     1 |     1 |     5 ||     7
  Eat: Chunk             |     8 |     9 |     1 ||    18
       Ration            |     1 |     1 |     3 ||     5
Armor: Skin              |    28 |    26 |    19 ||    73
Dodge: Dodged            |    63 |    60 |    62 ||   185

Table legend:
 A = Spawn XP
 B = Non-spawn XP
 C = Spawn XP percentage of total XP
 D = Spawn monster count
 E = Non-spawn monster count
 F = Spawn count percentage of total count
 G = Total turns spent on level
                    A         B        C        D         E        F      G
               +---------+---------+-------+---------+---------+-------+---------
         Total |       0 |    1740 |   0.0 |       0 |     110 |   0.0 | 10276
               +---------+---------+-------+---------+---------+-------+---------
           D:1 |       0 |      30 |   0.0 |       0 |      17 |   0.0 |  1244
           D:2 |       0 |      61 |   0.0 |       0 |      19 |   0.0 |  1919
           D:3 |       0 |      93 |   0.0 |       0 |      16 |   0.0 |  1542
           D:4 |       0 |     133 |   0.0 |       0 |      11 |   0.0 |  1148
           D:5 |       0 |    1058 |   0.0 |       0 |      38 |   0.0 |  2956
           D:6 |       0 |     365 |   0.0 |       0 |       9 |   0.0 |  1235
               +---------+---------+-------+---------+---------+-------+---------
